 Dungeon Sprint DCSS version 0.30.1-11-g7821555f0a (webtiles) character file.

Game seed: 6848806968887078520

164 Heoruswealwe the Spear-Bearer (level 5, 0/52 HPs)
             Began as a Minotaur Fighter on Oct 31, 2023.
             Succumbed to a water moccasin's poison
             ... in the Dungeon (Sprint IX: "|||||||||||||||||||||||||||||").
             The game lasted 00:00:32 (38 turns).

Heoruswealwe the Spear-Bearer (Minotaur Fighter)      Turns: 38, Time: 00:00:33

Health: 0/52       AC:  7    Str: 22    XL:     5   Next: 21%
Magic:  4/4        EV:  9    Int:  5    God:
Gold:   0          SH:  4    Dex: 10    Spells: 4/4 levels left

rFire   . . .        a - +0 trident
rCold   . . .        d - +0 buckler
rNeg    . . .        c - +0 scale mail
rPois   .            (helmet restricted)
rElec   .            (no cloak)
rCorr   .            (no gloves)
SInv    .            (no boots)
Will    .....        (no amulet) Stlth
                     (no ring)
HPRegen 0.28/turn    (no ring)
MPRegen 0.09/turn

%: no teleportation
@: lethally poisoned (0 -> -2)
A: horns 2, retaliatory headbutt
a: no special abilities


You were in the Dungeon.
You visited 1 branch

Inventory:

Hand Weapons
 a - a +0 trident (weapon)
Armour
 c - a +0 scale mail (worn)
 d - a +0 buckler (worn)
Scrolls
 j - a scroll of blinking
Potions
 b - a potion of might
 f - a potion of heal wounds
 g - a potion of haste
 i - a potion of berserk rage


   Skills:
 + Level 7.3 Fighting
 * Level 9.3 Polearms
 + Level 7.3 Armour
 - Level 3.6 Shields


You had 4 spell levels left.
You didn't know any spells.
Your spell library was empty.

Dungeon Overview and Level Annotations

Branches:
Dungeon (1/1)

Altars:


Innate Abilities, Weirdness & Mutations

You have a pair of horns on your head.
You reflexively headbutt those who attack you in melee.


Message History

The water moccasin bites you!
* * * LOW HITPOINT WARNING * * *
You miss the water moccasin.
The water moccasin is severely wounded.
You feel sick. You block the water moccasin's attack.
The water moccasin bites you.
* * * LOW HITPOINT WARNING * * *
You miss the water moccasin.
The water moccasin is severely wounded.
You feel sick. The water moccasin barely misses you. You furiously retaliate!
You headbutt the water moccasin!
You kill the water moccasin!
Your Fighting skill increases to level 6!
Your Polearms skill gained 3 levels and is now at level 8!
Your Armour skill increases to level 6!
You have reached level 4!
You feel agile.
You feel sick. The hound bites you but does no damage.
The hound completely misses you. You furiously retaliate!
You headbutt the hound.
There is an open door, spattered with blood here.
Things that are here:
a water moccasin corpse; an iguana corpse You completely miss the hound.
Your headbutt misses the hound.
The hound is lightly wounded.
The hound barely misses you. You furiously retaliate!
You headbutt the hound! You hit the hound but do no damage.
The hound is heavily wounded.
You feel sick. The hound bites you.
* * * LOW HITPOINT WARNING * * *
You puncture the hound!
You kill the hound!
* * * LOW HITPOINT WARNING * * *
You feel sick.
Your Fighting skill increases to level 7!
Your Polearms skill increases to level 9!
Your Armour skill increases to level 7!
You have reached level 5!
You hit the iguana but do no damage.
You die...

▓+▓
▓.▓
▓.▓
▓.▓
▓l▓
▓l▓
▓@▓
▓.▓
▓.▓
▓.▓
▓.▓
▓.▓
▓)▓
▓.▓
▓!▓


You could see 2 iguanas.

Vanquished Creatures
  A water moccasin (D)
  A hound (D)
  An iguana (D)
  A dart slug (D)
  An endoplasm (D)
  A goblin (D)
  2 ball pythons (D)
8 creatures vanquished.

Notes
Turn   | Place    | Note
-------+----------+-------------------------------------------
     0 | D        | Heoruswealwe the Minotaur Fighter began the quest for the
                  | Orb.
     0 | D        | Reached XP level 1. HP: 19/19 MP: 0/0
     7 | D        | Reached skill level 3 in Polearms
    14 | D        | Reached skill level 4 in Polearms
    21 | D        | Noticed an iguana
    21 | D        | Noticed an iguana
    21 | D        | Noticed a hound
    21 | D        | Noticed a water moccasin
    21 | D        | Noticed an iguana
    26 | D        | Killed an iguana
    27 | D        | Reached skill level 5 in Fighting
    27 | D        | Reached skill level 5 in Polearms
    27 | D        | Reached skill level 5 in Armour
    27 | D        | Reached XP level 2. HP: 27/29 MP: 1/1
    27 | D        | Reached XP level 3. HP: 33/36 MP: 2/2
    33 | D        | Killed a water moccasin
    34 | D        | Reached skill level 8 in Polearms
    34 | D        | Reached XP level 4. HP: 8/45 MP: 3/3
    36 | D        | HP: 1/45 [hound (4)]
    38 | D        | Reached skill level 9 in Polearms
    38 | D        | Reached XP level 5. HP: 1/52 MP: 4/4
    38 | D        | Succumbed to a water moccasin's poison

Illustrated notes

Levels and vault maps discovered:
D:        linesprint [early_d, line_temple, items_1, d_10, items_2, lair_1,
          lair_end, items_3, orc_1, orc_end, items_4, d_15, swamp_1, shoals_1,
          snake_1, spider_1, d_20, vaults_1, items_5, swamp_end, shoals_end,
          snake_end, spider_end, vaults_end, d_27, items_6, zot_1, zot_end,
          crypt_end, forest_end, elf_end, slime_end, tomb_end, abyss_end,
          pan_hell_end]

Skill      XL: |  1  2  3  4 |
---------------+-------------+-----
Polearms       | 5 8 9 |  9.3
Fighting       | 5 6 7 |  7.3
Armour         | 5 6 7 |  7.3
Shields        | |  3.6

Action                     |  1- 3 |  4- 6 || total
---------------------------+-------+-------++-------
  Melee: Trident           |    19 |     4 ||    23
         Headbutt          |     2 |       ||     2
    Use: Potion            |     1 |       ||     1
 Armour: Scale mail        |     1 |     1 ||     2
  Dodge: Dodged            |     9 |     2 ||    11
  Block: Buckler           |     4 |       ||     4
